 Dungeon Crawl Stone Soup version 0.23.2-1-ga50397a (webtiles) character file.

Game seed: 12783264425277823275

45 eccles the Conjurer (level 3, -1/19 HPs)
             Began as a Deep Elf Conjurer on Apr 24, 2019.
             Slain by a frilled lizard (2 damage)
             ... on level 1 of the Dungeon.
             The game lasted 00:06:51 (1054 turns).

eccles the Conjurer (Deep Elf Conjurer)             Turns: 1054, Time: 00:06:51

Health: -1/19      AC:  2    Str:  5    XL:     3   Next: 42%
Magic:  4/9        EV: 13    Int: 20    God:
Gold:   62         SH:  0    Dex: 15    Spells: 5/8 levels left

rFire    . . .     SeeInvis .   h - +0 dagger
rCold    . . .     Gourm    .   (no shield)
rNeg     . . .     Faith    .   a - +0 robe
rPois    .         Spirit   .   (no helmet)
rElec    .         Reflect  .   (no cloak)
rCorr    .         Harm     .   (no gloves)
MR       .....                  (no boots)
Stlth    ++........             (no amulet)
HPRegen  0.06/turn              (no ring)
MPRegen  0.11/turn              (no ring)

@: no status effects
A: no striking features
a: no special abilities


You were on level 1 of the Dungeon.
You were not hungry.

You visited 1 branch of the dungeon, and saw 2 of its levels.

You collected 62 gold pieces.

Inventory:

Hand Weapons
 h - a +0 dagger (weapon)
Armour
 a - a +0 robe (worn)
Scrolls
 d - a scroll of immolation {unknown}
 e - a scroll of identify {unknown}
 g - a scroll of fear {unknown}
Potions
 f - a potion of lignification {unknown}
 i - a potion of invisibility {unknown}
 j - a potion of heal wounds {unknown}
Comestibles
 b - 2 chunks of flesh
 c - a ration


   Skills:
 + Level 2.5 Dodging
 + Level 3.0 Stealth
 * Level 3.4 Spellcasting
 * Level 5.3 Conjurations


You had 5 spell levels left.
You knew the following spells:

 Your Spells              Type           Power        Failure   Level  Hunger
a - Magic Dart            Conj           ###.         1%          1    None
b - Searing Ray           Conj           ###...       2%          2    ##.....

Your spell library contained the following spells:

 Spells                   Type           Power        Failure   Level  Hunger
 Dazzling Spray           Conj/Hex       ##....       14%         3    ###....
 Iskenderun's Mystic Bla  Conj           ###.....     16%         4    ####...
 Force Lance              Conj/Tloc      ##......     41%         4    ####...
 Fulminant Prism          Conj/Hex       ##........   41%         4    ####...


Dungeon Overview and Level Annotations

Branches:
Dungeon (2/15)

Altars:
Hepliaklqana
Qazlal


Message History

The orc is almost dead.
The orc hits you but does no damage.
The searing ray misses the orc.
The searing ray hits the jackal!
You kill the jackal!
Your Stealth skill increases to level 3!
The orc hits you with a +0 flail.
* * * LOW HITPOINT WARNING * * *
The frilled lizard misses you.
You see here 17 stones.
There is a stone staircase leading up here.
The frilled lizard barely misses you.
You climb upwards.
Some of the chunks of flesh in your inventory have rotted away.
There is a stone staircase leading down here.
The frilled lizard bites you but does no damage.
There is an open door here.
The frilled lizard bites you.
* * * LOW HITPOINT WARNING * * *
The frilled lizard bites you.
You die...

#.# #.# #.# #.# ###### #.#
#######.###########..... #.#
#>...................... #.#
#.#####.#.......##...... #.#
##'#####.#.......##...... #.#
#.................##..... #.#
#.................##..### #.#
#......l@.........###.##. #.#
##.#######........# #..#. #.#
#.##.....#...###.# ##.#. #.#
#.##.....#...# #.# #..#
#.#####.##.....#...###.#####.#
#..............+..............
#####..........#..............
#.................รท........
#........##......).........


You could see a frilled lizard.

Vanquished Creatures
  2 oozes
  3 dart slugs (D:1)
  A giant cockroach (D:1)
  A goblin (D:1)
  6 hobgoblins (D:1)
  6 jackals
  5 bats
  A kobold (D:1)
  5 rats
30 creatures vanquished.

Notes
Turn   | Place    | Note
-------+----------+-------------------------------------------
     0 | D:1      | eccles the Deep Elf Conjurer began the quest for the Orb.
     0 | D:1      | Reached XP level 1. HP: 10/10 MP: 6/6
   213 | D:1      | Reached XP level 2. HP: 15/15 MP: 5/8
   217 | D:1      | Learned a level 2 spell: Searing Ray
   299 | D:1      | Reached skill level 5 in Conjurations
   685 | D:1      | Reached XP level 3. HP: 15/19 MP: 4/9
   965 | D:2      | Found a hazy altar of Hepliaklqana.
  1007 | D:2      | Found a stormy altar of Qazlal.
  1054 | D:1      | Slain by a frilled lizard

Skill      XL: |  1  2  3 |
---------------+----------+-----
Conjurations   | 5 |  5.3
Stealth        | 3 |  3.0
Dodging        | |  2.5
Spellcasting   | |  3.4

Action                   || total
-------------------------++-------
Melee: Unarmed           ||     1
 Cast: Magic Dart        ||    58
       Searing Ray       ||     1
Armor: Robe              ||    10
Dodge: Dodged            ||    35
